TOP OF THE 1ST |
---|
Mexico City Cerveceros batting - Pitching for Houston Hammertime : RHP Carl Willis | Pitching: RHP Carl Willis | | Batting: RHB Murai Ishihara | 0-0: Foul Ball, location: 2F 0-1: Called Strike 0-2: Ball 1-2: Ball 2-2: Foul Ball, location: 2F 2-2: Strikes out swinging | Batting: SHB Nate Rhodes | 0-0: Called Strike 0-1: Foul Ball, location: 2F 0-2: Strikes out swinging | Batting: LHB John Bond | 0-0: Ball 1-0: Ball 2-0: Ball 3-0: Fly out, F7 (Flyball, 7) | Top of the 1st over - 0 runs, 0 hits, 0 errors, 0 left on base; Mexico City 0 - Houston 0 | BOTTOM OF THE 1ST |
---|
Houston Hammertime batting - Pitching for Mexico City Cerveceros : LHP Dan O'Brien | Pitching: LHP Dan O'Brien | | Batting: RHB David Hernández | 0-0: Ball 1-0: Called Strike 1-1: Ball 2-1: Called Strike 2-2: Strikes out swinging | Batting: RHB José García | 0-0: Ball 1-0: SINGLE (Groundball, 6MD) | Batting: LHB Francisco Cardenas | 0-0: Called Strike Pickoff Throw to First - Out! 0-1: Ball 1-1: Ball 2-1: Foul Ball, location: 2F 2-2: SINGLE (Groundball, 6MD) | Batting: RHB Alfredo Cortéz | 0-0: Called Strike 0-1: Ball 1-1: Ball 2-1: Ball 3-1: Base on Balls Francisco Cardenas to second | Batting: RHB Ron Elazar | 0-0: Ball 1-0: Called Strike 1-1: Called Strike 1-2: Strikes out looking | Bottom of the 1st over - 0 runs, 2 hits, 0 errors, 2 left on base; Mexico City 0 - Houston 0 | TOP OF THE 2ND |
---|
Mexico City Cerveceros batting - Pitching for Houston Hammertime : RHP Carl Willis | Batting: LHB Brandon Cummings | 0-0: SINGLE (Groundball, 34D) | Batting: LHB Gary Kern | 0-0: Foul Ball, location: 2F 0-1: Foul Ball, location: 2F 0-2: Strikes out swinging | Batting: LHB Juan García | 0-0: Ball 1-0: Called Strike 1-1: Fly out, F7 (Flyball, 78M) | Batting: RHB Orlando González | 0-0: Called Strike 0-1: Foul Ball, location: 2F 0-2: Ball 1-2: Strikes out swinging | Top of the 2nd over - 0 runs, 1 hit, 0 errors, 1 left on base; Mexico City 0 - Houston 0 | BOTTOM OF THE 2ND |
---|
Houston Hammertime batting - Pitching for Mexico City Cerveceros : LHP Dan O'Brien | Batting: LHB David Adams | 0-0: Ball 1-0: Ball 2-0: Ground out 1-3 (Groundball, 13S) | Batting: RHB Dan Mason | 0-0: Called Strike 0-1: DOUBLE (Flyball, 8RXD) | Batting: LHB Raúl Casillán | 0-0: Ball 1-0: Ball 2-0: Foul Ball, location: 2F 2-1: Ball 3-1: Ground out 6-3 (Groundball, 4MD) Dan Mason to third | Batting: RHB Dan Hooper | 0-0: Ball 1-0: Ball 2-0: Called Strike 2-1: 2-RUN HOME RUN (Flyball, 7LD), Distance : 358 ft | Batting: RHB David Hernández | 0-0: Called Strike 0-1: SINGLE (Groundball, 34D) | Batting: RHB José García | 0-0: Ball 1-0: Called Strike 1-1: Fielders Choice at 2nd, 6-4 (Groundball, 6) | Bottom of the 2nd over - 2 runs, 3 hits, 0 errors, 1 left on base; Mexico City 0 - Houston 2 | TOP OF THE 3RD |
---|
Mexico City Cerveceros batting - Pitching for Houston Hammertime : RHP Carl Willis | Batting: LHB Javier Martínez | 0-0: Called Strike 0-1: Ball 1-1: Swinging Strike 1-2: Ball 2-2: Ball 3-2: Base on Balls | Batting: RHB Collin Smith | 0-0: Ball 1-0: Called Strike 1-1: Foul Ball, location: 2F 1-2: Strikes out looking | Batting: RHB Murai Ishihara | 0-0: Ball 1-0: DOUBLE (Line Drive, 7LD) Javier Martínez to third Runner from 3rd tries for Home, SAFE, no throw | Batting: SHB Nate Rhodes | 0-0: Called Strike 0-1: Ball 1-1: Ball 2-1: Foul Ball, location: 2F 2-2: DOUBLE (Line Drive, 78S) Murai Ishihara scores | Batting: LHB John Bond | 0-0: Ball 1-0: SINGLE (Flyball, 8LS) Nate Rhodes to third Runner from 3rd tries for Home, SAFE, throw made home | Batting: LHB Brandon Cummings | 0-0: Ball 1-0: Foul Ball, location: 2F 1-1: Ball 2-1: Ball 3-1: Grounds into double play, 1-4-3 (Groundball, 15S) | Top of the 3rd over - 3 runs, 3 hits, 0 errors, 0 left on base; Mexico City 3 - Houston 2 | BOTTOM OF THE 3RD |
---|
Houston Hammertime batting - Pitching for Mexico City Cerveceros : LHP Dan O'Brien | Batting: LHB Francisco Cardenas | 0-0: Called Strike 0-1: Ball 1-1: Foul Ball, location: 2F 1-2: Ball 2-2: Ground out 6-3 (Groundball, 6M) | Batting: RHB Alfredo Cortéz | 0-0: Called Strike 0-1: Foul Ball, location: 2F 0-2: Ball 1-2: Ball 2-2: Fly out, F7 (Flyball, 7S) | Batting: RHB Ron Elazar | 0-0: Swinging Strike 0-1: Ball 1-1: Swinging Strike 1-2: Strikes out looking | Bottom of the 3rd over - 0 runs, 0 hits, 0 errors, 0 left on base; Mexico City 3 - Houston 2 | TOP OF THE 4TH |
---|
Mexico City Cerveceros batting - Pitching for Houston Hammertime : RHP Carl Willis | Batting: LHB Gary Kern | 0-0: Ball 1-0: Called Strike 1-1: Foul Ball, location: 2F 1-2: Foul Ball, location: 2F 1-2: Ball 2-2: Foul Ball, location: 2F 2-2: Foul Ball, location: 2F 2-2: Foul Ball, location: 2F 2-2: Ball 3-2: Base on Balls | Batting: LHB Juan García | 0-0: Called Strike 0-1: Foul Ball, location: 2F 0-2: SINGLE (Groundball, 3D) Gary Kern to second Runner from 2nd tries for 3rd, OUT! | Batting: RHB Orlando González | 0-0: Foul Ball, location: 2F 0-1: Swinging Strike 0-2: Strikes out swinging | Batting: LHB Javier Martínez | 0-0: Ball 1-0: Ball 2-0: Ball 3-0: Called Strike 3-1: Ground out U3 (Groundball, 3) | Top of the 4th over - 0 runs, 1 hit, 0 errors, 1 left on base; Mexico City 3 - Houston 2 | BOTTOM OF THE 4TH |
---|
Houston Hammertime batting - Pitching for Mexico City Cerveceros : LHP Dan O'Brien | Batting: LHB David Adams | 0-0: Ball 1-0: Fly out, F6 (Line Drive, 6M) | Batting: RHB Dan Mason | 0-0: Ground out 6-3 (Groundball, 6MD) | Batting: LHB Raúl Casillán | 0-0: DOUBLE (Line Drive, 9D) | Batting: RHB Dan Hooper | 0-0: Called Strike 0-1: Swinging Strike 0-2: Ball 1-2: Ball 2-2: Ground out 4-3 (Groundball, 4) | Bottom of the 4th over - 0 runs, 1 hit, 0 errors, 1 left on base; Mexico City 3 - Houston 2 | TOP OF THE 5TH |
---|
Mexico City Cerveceros batting - Pitching for Houston Hammertime : RHP Carl Willis | Batting: RHB Collin Smith | 0-0: Called Strike 0-1: Ball 1-1: Foul Ball, location: 2F 1-2: Foul Ball, location: 2F 1-2: Strikes out swinging | Batting: RHB Murai Ishihara | 0-0: Fly out, F7 (Flyball, 7S) | Batting: SHB Nate Rhodes | 0-0: Foul Ball, location: 2F 0-1: Ball 1-1: Ball 2-1: SINGLE (Line Drive, 8LS) | Batting: LHB John Bond | 0-0: Ball 1-0: Ball 2-0: Called Strike 2-1: Ball 3-1: 2-RUN HOME RUN (Flyball, 7LD), Distance : 342 ft | Batting: LHB Brandon Cummings | 0-0: Ball 1-0: Foul Ball, location: 2F 1-1: Called Strike 1-2: SINGLE (Groundball, 34D) | Batting: LHB Gary Kern | 0-0: Swinging Strike 0-1: Swinging Strike 0-2: Ball 1-2: Ball 2-2: Foul Ball, location: 2F 2-2: Ball 3-2: Base on Balls Brandon Cummings to second | Batting: LHB Juan García | 0-0: Ball 1-0: DOUBLE (Flyball, 8RXD) Brandon Cummings scores Gary Kern to third Runner from 3rd tries for Home, SAFE, no throw | Batting: RHB Orlando González | 0-0: Called Strike 0-1: Called Strike 0-2: 2-RUN HOME RUN (Flyball, 7LD), Distance : 348 ft | Batting: LHB Javier Martínez | 0-0: Foul Ball, location: 2F 0-1: Ground out 4-3 (Groundball, 4D) | Top of the 5th over - 6 runs, 5 hits, 0 errors, 0 left on base; Mexico City 9 - Houston 2 | BOTTOM OF THE 5TH |
---|
Houston Hammertime batting - Pitching for Mexico City Cerveceros : LHP Dan O'Brien | Batting: RHB David Hernández | 0-0: Ground out 1-3 (Groundball, 15S) | Batting: RHB José García | 0-0: Ball 1-0: Ball 2-0: Fly out, F9 (Flyball, 89S) | Now in RF: Lee Price | | Batting: LHB Francisco Cardenas | 0-0: Ground out 5-3 (Groundball, 56S) | Bottom of the 5th over - 0 runs, 0 hits, 0 errors, 0 left on base; Mexico City 9 - Houston 2 | TOP OF THE 6TH |
---|
Mexico City Cerveceros batting - Pitching for Houston Hammertime : RHP Carl Willis | Batting: RHB Collin Smith | 0-0: DOUBLE (Flyball, 89D) | Batting: RHB Murai Ishihara | 0-0: Ground out 6-3 (Groundball, 6) | Batting: RHB Lee Price | 0-0: Fly out, F4 (Popup, 4D) | Batting: LHB John Bond | 0-0: Ball 1-0: Ground out 6-3 (Groundball, 6) | Top of the 6th over - 0 runs, 1 hit, 0 errors, 1 left on base; Mexico City 9 - Houston 2 | BOTTOM OF THE 6TH |
---|
Houston Hammertime batting - Pitching for Mexico City Cerveceros : RHP David Sheppard | Pitching: RHP David Sheppard | | Batting: RHB Alfredo Cortéz | 0-0: Called Strike 0-1: Ball 1-1: Ball 2-1: Foul Ball, location: 2F 2-2: Ball 3-2: Base on Balls | Batting: RHB Ron Elazar | 0-0: Ball 1-0: Grounds into double play, 6-4-3 (Groundball, 56) | Batting: LHB David Adams | 0-0: Called Strike 0-1: SINGLE (Line Drive, 89S) | Batting: RHB Dan Mason | 0-0: Called Strike David Adams steals 2nd base 0-1: Fly out, F8 (Flyball, 8RXD) | Bottom of the 6th over - 0 runs, 1 hit, 0 errors, 1 left on base; Mexico City 9 - Houston 2 | TOP OF THE 7TH |
---|
Mexico City Cerveceros batting - Pitching for Houston Hammertime : RHP Carl Willis | Batting: LHB Brandon Cummings | 0-0: Foul Ball, location: 2F 0-1: Called Strike 0-2: Ball 1-2: Ball 2-2: Ball 3-2: Foul Ball, location: 2F 3-2: Foul Ball, location: 2F 3-2: SINGLE (Flyball, 89S) | Pitching: RHP Glen Brewer | | Batting: LHB Gary Kern | 0-0: SINGLE (Line Drive, 7S) Brandon Cummings to second | Batting: LHB Juan García | 0-0: Swinging Strike 0-1: Foul Ball, location: 2F 0-2: Ball 1-2: Strikes out swinging | Batting: RHB Orlando González | 0-0: Called Strike 0-1: Ball 1-1: Foul Ball, location: 2F 1-2: Strikes out swinging | Batting: LHB Javier Martínez | 0-0: Called Strike 0-1: Ground out 4-3 (Groundball, 4) | Top of the 7th over - 0 runs, 2 hits, 0 errors, 2 left on base; Mexico City 9 - Houston 2 | BOTTOM OF THE 7TH |
---|
Houston Hammertime batting - Pitching for Mexico City Cerveceros : RHP David Sheppard | Batting: LHB Raúl Casillán | 0-0: Ground out 4-3 (Groundball, 4S) | Batting: RHB Dan Hooper | 0-0: SINGLE (Line Drive, 7LS) | Batting: RHB David Hernández | 0-0: Called Strike 0-1: Ball 1-1: Called Strike 1-2: 2-RUN HOME RUN (Flyball, 78XD), Distance : 374 ft | Batting: RHB José García | 0-0: Called Strike 0-1: Ball 1-1: Ball 2-1: Called Strike 2-2: Foul Ball, location: 2F 2-2: Foul Ball, location: 2F 2-2: Ball 3-2: Fly out, F9 (Line Drive, 89S) | Batting: LHB Francisco Cardenas | 0-0: Ball 1-0: Ball 2-0: Ball 3-0: Called Strike 3-1: Called Strike 3-2: SINGLE (Flyball, 9S) | Batting: RHB Alfredo Cortéz | 0-0: Foul Ball, location: 2F 0-1: Ball 1-1: Foul Ball, location: 2F 1-2: Fly out, F3 (Popup, 13) | Bottom of the 7th over - 2 runs, 3 hits, 0 errors, 1 left on base; Mexico City 9 - Houston 4 | TOP OF THE 8TH |
---|
Mexico City Cerveceros batting - Pitching for Houston Hammertime : RHP Glen Brewer | Batting: RHB Collin Smith | 0-0: Fly out, F9 (Flyball, 9) | Batting: RHB Murai Ishihara | 0-0: Foul Ball, location: 2F 0-1: Foul Ball, location: 2F 0-2: Ball 1-2: Foul Ball, location: 2F 1-2: Foul Ball, location: 2F 1-2: Ball 2-2: Ball 3-2: Foul Ball, location: 2F 3-2: SINGLE (Line Drive, 8RS) | Batting: RHB Lee Price | 0-0: Ball 1-0: Called Strike Murai Ishihara steals 2nd base 1-1: DOUBLE (Flyball, 89XD) Murai Ishihara scores | Batting: LHB John Bond | 0-0: Ball 1-0: Ball 2-0: Ball 3-0: Called Strike 3-1: Base on Balls | Batting: LHB Brandon Cummings | 0-0: Ball 1-0: Ball 2-0: Foul Ball, location: 2F 2-1: Called Strike 2-2: DOUBLE (Line Drive, 89XD) Lee Price scores John Bond to third | Pinch Runner at 2nd John Nicholson: | | Batting: LHB Gary Kern | 0-0: Ground out 4-3 (Groundball, 4) John Bond scores John Nicholson to third | Batting: LHB Juan García | 0-0: Ball 1-0: Called Strike 1-1: Ground out 6-3 (Groundball, 6S) | Top of the 8th over - 3 runs, 3 hits, 0 errors, 1 left on base; Mexico City 12 - Houston 4 | BOTTOM OF THE 8TH |
---|
Houston Hammertime batting - Pitching for Mexico City Cerveceros : RHP David Sheppard | Now at 1B: Orlando Núñes | | Batting: RHB Ron Elazar | 0-0: Ball 1-0: Called Strike 1-1: Called Strike 1-2: Strikes out looking | Batting: LHB David Adams | 0-0: Ball 1-0: Called Strike 1-1: Swinging Strike 1-2: Ball 2-2: Hit by Pitch | Batting: RHB Dan Mason | 0-0: SINGLE (Groundball, 56D) David Adams to second | Batting: LHB Raúl Casillán | 0-0: Fly out, F9 (Flyball, 9LS) | Batting: RHB Dan Hooper | 0-0: Ball 1-0: Fly out, F7 (Flyball, 78M) | Bottom of the 8th over - 0 runs, 1 hit, 0 errors, 2 left on base; Mexico City 12 - Houston 4 | TOP OF THE 9TH |
---|
Mexico City Cerveceros batting - Pitching for Houston Hammertime : RHP Glen Brewer | Batting: RHB Orlando González | 0-0: Ball 1-0: Fly out, F4 (Popup, 34) | Batting: LHB Javier Martínez | 0-0: Ball 1-0: Ground out 3-1 (Groundball, 34) | Batting: RHB Collin Smith | 0-0: Called Strike 0-1: Foul Ball, location: 2F 0-2: Ball 1-2: Strikes out swinging | Top of the 9th over - 0 runs, 0 hits, 0 errors, 0 left on base; Mexico City 12 - Houston 4 | BOTTOM OF THE 9TH |
---|
Houston Hammertime batting - Pitching for Mexico City Cerveceros : RHP David Sheppard | Now at 2B: Soetsu Kaneko | | Now at 3B: Claudio Souza | | Batting: RHB David Hernández | 0-0: Ball 1-0: SINGLE (Groundball, 56D) | Batting: RHB José García | 0-0: Called Strike 0-1: Called Strike 0-2: Ball 1-2: Foul Ball, location: 2F 1-2: Ball 2-2: SINGLE (Line Drive, 4MD) David Hernández to second | Pitching: LHP Doug Starks | | Batting: LHB Francisco Cardenas | 0-0: Ball 1-0: Called Strike 1-1: Foul Ball, location: 2F 1-2: Foul Ball, location: 2F 1-2: Grounds out, U3 (Groundball, 3L) David Hernández to third | Pitching: LHP Columbo Briatori | | Batting: RHB Alfredo Cortéz | 0-0: Ball 1-0: Ball 2-0: Foul Ball, location: 2F 2-1: Ball 3-1: Fly out, F9 (Flyball, 9D) Runner from 3rd tags up, SCORES, no throw | Batting: RHB Ron Elazar | 0-0: Ball 1-0: Ball 2-0: Ball 3-0: Called Strike 3-1: Base on Balls | Batting: LHB David Adams | 0-0: Ball 1-0: SINGLE (Line Drive, 3D) José García to third Ron Elazar to second | Batting: RHB Dan Mason | 0-0: Foul Ball, location: 2F 0-1: SINGLE (Flyball, 8RS) José García scores Ron Elazar to third David Adams to second | Batting: LHB Raúl Casillán | 0-0: Ball 1-0: Ball 2-0: SINGLE (Line Drive, 56) Ron Elazar scores David Adams to third Dan Mason to second | Pitching: RHP Troy Hawkins | | Batting: RHB Dan Hooper | 0-0: Foul Ball, location: 2F 0-1: Fly out, F8 (Flyball, 78M) | Bottom of the 9th over - 3 runs, 5 hits, 0 errors, 3 left on base; Mexico City 12 - Houston 7 | |